AoeStats
← 2nd.DaMbEdAi | BoNzAi

Arena

506905896Analyzed
3v3 RM · 17d ago on Sep 15, 2026· 32m 48s· 6 players
Game mode
Random Map
Map size
Normal (6 player)
Population
200
Speed
Normal
Resources
Standard
Victory
Conquest
Starting age
Dark Age
Ending age
Imperial Age
RankedLock teamsTeams togetherTeam positionsShared explorationLock speedFull tech treeHidden civsTurbo modeCheats
Victory
Defeat
🇩🇪 Malians · Germany
1513
+4
🇩🇪 Bohemians · Germany
1512
+4
🇩🇪 Ethiopians · Germany
1006
+21
🇹🇼 Byzantines · Taiwan
1218
-11
🇫🇷 Poles · France
1198
-11
🇫🇷 Hindustanis · France
1120
-7
洗勒烤喔
7:37 Loom
10:06 Feudal Age
16:00 Castle Age
14:32 Double-Bit Axe
20:20 Fletching
22:25 Fortified Wall
24:06 Horse Collar
27:57 Wheelbarrow
29:36 Bow Saw
KissMyAxe
10:41 Feudal Age
12:20 Loom
15:36 Castle Age
14:21 Double-Bit Axe
15:32 Horse Collar
17:19 Wheelbarrow
18:17 Bow Saw
18:50 Heavy Plow
22:13 Stone Mining
28:00 Hand Cart
29:38 Gold Mining
Frodon le Hobbit
6:21 Loom
14:23 Feudal Age
19:24 Castle Age
18:29 Stone Mining
momizzle13
10:55 Feudal Age
12:16 Loom
15:02 Castle Age
13:33 Double-Bit Axe
13:31 Horse Collar
17:24 Bow Saw
24:19 Wheelbarrow
26:55 Heavy Plow
31:17 Imperial Age
32:28 Scale Barding Armor
32:33 Forging
2nd.DaMbEdAi | BoNzAi
12:27 Feudal Age
13:50 Wheelbarrow
16:59 Castle Age
16:34 Forging
16:08 Horse Collar
16:17 Double-Bit Axe
18:34 Gold Mining
18:38 Stone Mining
20:08 Scale Mail Armor
19:55 Town Watch
23:42 Chain Mail Armor
26:20 Bow Saw
26:27 Hand Cart
26:25 Heavy Plow
29:19 Gold Shaft Mining
31:37 Imperial Age
30:17 Fletching
32:53 Conscription
32:55 Heated Shot
33:58 Iron Casting
33:54 Plate Mail Armor
33:56 Coinage
hannezthemenace
10:05 Feudal Age
14:17 Castle Age
14:03 Loom
14:17 Double-Bit Axe
15:44 Town Watch
21:28 Horse Collar
29:13 Imperial Age
29:12 Chemistry
29:50 Bow Saw
31:09 Conscription
31:36 Sanctity
34:13 Two-Man Saw
Connection lost

Rejoining the realm…

Still unreachable

The connection could not be restored.

Session expired

The server has moved on; the page needs a fresh start.